 Dungeon Crawl Stone Soup version 0.26-b1-32-g5d43845318 (webtiles) character file.

Game seed: 887002317744435852

520 Borgoz the Ducker (level 7, -3/58 HPs)
             Began as a Ghoul Gladiator on Jan 10, 2021.
             Slain by a wight
             ... wielding a +2 flail of freezing
              (4 damage)
             ... on level 4 of the Dungeon.
             The game lasted 00:04:14 (3462 turns).

Borgoz the Ducker (Ghoul Gladiator)                 Turns: 3462, Time: 00:04:15

Health: -3/58      AC:  5    Str: 18    XL:     7   Next: 21%
Magic:  6/6        EV: 13    Int:  4    God:
Gold:   329        SH:  0    Dex: 11    Spells: 6/6 levels left

rFire    . . .     SeeInvis .   r - +1 falchion (flame)
rCold    + . .     Faith    .   (no shield)
rNeg     + + +     Spirit   .   b - +0 leather armour
rPois    ∞         Reflect  .   c - +0 helmet
rElec    .         Harm     .   (no cloak)
rCorr    .         Rampage  .   e - +0 pair of gloves
Will     .....                  (no boots)
Stlth    ++........             (no amulet)
HPRegen  0.00/turn              l - ring of stealth
MPRegen  0.10/turn              (no ring)

@: no status effects
A: claws 1, cold resistance 1, negative energy resistance 3, inhibited
regeneration, torment resistance, unbreathing
a: no special abilities


You were on level 4 of the Dungeon.
You visited 1 branch of the dungeon, and saw 5 of its levels.

You collected 329 gold pieces.

Inventory:

Hand Weapons
 a - a +0 long sword
 r - a +1 falchion of flaming (weapon)
Missiles
 d - 3 throwing nets (quivered)
Armour
 b - a +0 leather armour (worn)
 c - a +0 helmet (worn)
 e - a +0 pair of gloves (worn)
Jewellery
 l - a ring of stealth (left hand)
Scrolls
 f - a scroll of random uselessness {unknown}
 g - 2 scrolls of remove curse {unknown}
 h - 2 scrolls of enchant armour {unknown}
 i - 3 scrolls of identify {unknown}
 j - a scroll of fear {unknown}
 k - 2 scrolls of teleportation
 o - a scroll of magic mapping {unknown}
 t - 2 scrolls of enchant weapon {unknown}
Potions
 p - a potion of ambrosia {unknown}
 q - a potion of lignification
 s - a potion of mutation {unknown}
 u - 2 potions of curing {unknown}


   Skills:
 + Level 3.8 Fighting
 * Level 4.7 Long Blades
 - Level 1.7 Throwing
 + Level 2.4 Armour
 * Level 4.8 Dodging


You had 6 spell levels left.
You didn't know any spells.
Your spell library was empty.

Dungeon Overview and Level Annotations

Branches:
Dungeon (5/15)
 Temple: D:4-7

Altars:
Gozag
Makhleb


Innate Abilities, Weirdness & Mutations

You thrive by killing the living.
You are immune to poison.
You have sharp fingernails.
Your flesh is cold resistant. (rC+)
You are immune to negative energy. (rN+++)
You do not regenerate when monsters are visible.
You are immune to unholy pain and torment.
You can survive without breathing.


Message History

The wight hits you with a +2 flail of freezing!
The wight freezes you.
You climb upwards.
There is a stone staircase leading down here.
You closely miss the wight. The wyvern barely misses you.
The wight hits you but does no damage. The wyvern misses you.
You riposte.
You closely miss the wyvern.
The wyvern is lightly wounded.
The wight barely misses you.
You hit the wight. You burn the wight.
The wight is lightly damaged.
The wyvern bites you!!
* * * LOW HITPOINT WARNING * * *
The wight misses you.
It was a potion of lignification.
You feel woody for a moment. The wyvern barely misses you.
You riposte.
You hit the wyvern. You burn the wyvern.
The wyvern is heavily wounded.
The wight hits you with a +2 flail of freezing.
You die...

...# ###..............###.
...## ##.#####.......##..
##..## #..# ##..........
###..# #..# ###..........
##.## ##.#####............
##.## #.(.................
#..## ##..............###..
##..#####...z..####..##......
##.......<.z@l## #...##......
#...##..####..## #..###......
##.####..# ##..###.####...##.
# ##.## #..#
##..##.###..####. ###.## #..#
##.....##.## #. .....# ##..##
##....#.## ## #.##.# ##....#
##.....# # .###.###.###.#
##...## # ## ####.## ###
##.#.##


You could see a wyvern and 2 wights.

Vanquished Creatures
  3 ogres (D:4)
  A wight (D:4)
  A hound (D:4)
  A worker ant (D:3)
  8 adders
  2 oozes
  An adder skeleton (D:4)
  A dart slug (D:1)
  3 leopard geckos (D:2)
  2 orcs
  6 giant cockroaches
  9 goblins
  7 hobgoblins
  8 jackals
  2 quokkas
  A ball python (D:2)
  7 bats
  10 frilled lizards
  7 kobolds
  14 rats
94 creatures vanquished.

Vanquished Creatures (others)
  2 fungi (D:3)
  2 toadstools (D:3)
4 creatures vanquished.

Grand Total: 98 creatures vanquished

Notes
Turn   | Place    | Note
-------+----------+-------------------------------------------
     0 | D:1      | Borgoz the Ghoul Gladiator began the quest for the Orb.
     0 | D:1      | Reached XP level 1. HP: 17/17 MP: 0/0
    88 | D:1      | Reached XP level 2. HP: 20/24 MP: 1/1
   377 | D:1      | Reached XP level 3. HP: 30/30 MP: 2/2
   843 | D:2      | Reached skill level 1 in Armour
   920 | D:2      | Reached XP level 4. HP: 35/37 MP: 3/3
  1210 | D:2      | Found an opulent altar of Gozag.
  1343 | D:2      | You fall into a shaft and drop 1 floor!
  1689 | D:3      | Reached XP level 5. HP: 44/44 MP: 4/4
  1726 | D:3      | Found a burning altar of Makhleb.
  2338 | D:4      | Noticed an ogre
  2352 | D:4      | Killed an ogre
  2353 | D:4      | Reached XP level 6. HP: 45/51 MP: 5/5
  2516 | D:4      | Reached XP level 7. HP: 58/58 MP: 6/6
  3350 | D:5      | Entered Level 5 of the Dungeon
  3350 | D:5      | Noticed a wyvern
  3461 | D:4      | HP: 1/58 [wyvern (18)]
  3462 | D:4      | Slain by a wight

Illustrated notes

Levels and vault maps discovered:
D:1:      tarquinn_simple_flora_water_c, layout_basic
D:2:      minmay_recursive_quarters, layout_loops_ring,
          amcnicky_mini_corridor_feature, kennysheep_flooded_box,
          nicolae_gozag_cash_rules_everything_around_me
D:3:      layout_rooms, minmay_gold_behind_fungi, bloody_makhleb
D:4:      layout_layer_cave
D:5:      layout_loops_cross

Skill      XL: |  1  2  3  4  5 |
---------------+----------------+-----
Dodging        | 3 4 |  4.8
Long Blades    | 3 4 |  4.7
Armour         | 1 2 |  2.4
Fighting       | 3 |  3.8
Throwing       | |  1.7

Action                   |  1- 3 |  4- 6 |  7- 9 || total
-------------------------+-------+-------+-------++-------
Melee: Long sword        |   123 |   169 |       ||   292
       Falchion          |       |    31 |    13 ||    44
Throw: Throwing net      |       |     3 |       ||     3
  Use: Scroll            |       |       |     3 ||     3
       Potion            |       |       |     1 ||     1
 Stab: Sleeping          |       |     6 |       ||     6
Armor: Leather armour    |    40 |    71 |     2 ||   113
Dodge: Dodged            |   107 |   176 |    13 ||   296
       Rpst.: Long sword |    35 |    54 |       ||    89
       Falchion          |       |     5 |     6 ||    11
